 Dungeon Crawl Stone Soup version 0.29-a0-555-g3b24f45cc1 (webtiles) character file.

Game seed: 8816940240922972528

52 Hubjo the Insei (level 3, -2/27 HPs)
             Began as a Demonspawn Transmuter on June 7, 2022.
             Slain by a goblin
             ... wielding a +0 dagger of protection
              (4 damage)
             ... on level 3 of the Dungeon.
             The game lasted 00:02:21 (2348 turns).

Hubjo the Insei (Demonspawn Transmuter)             Turns: 2348, Time: 00:02:21

Health: -2/27      AC:  2    Str: 10    XL:     3   Next: 60%
Magic:  6/6        EV: 12    Int: 14    God:
Gold:   159        SH:  0    Dex: 15    Spells: 5/6 levels left

rFire   . . .      SeeInvis .     - Unarmed
rCold   . . .      Faith    .   (no shield)
rNeg    . . .      Spirit   .   a - +0 robe
rPois   .          Reflect  .   (helmet restricted)
rElec   .          Harm     .   (no cloak)
rCorr   .          Rampage  .   (no gloves)
Will    .....                   (no boots)
Stlth   ++........              (no amulet)
HPRegen 0.09/turn               (no ring)
MPRegen 0.10/turn               (no ring)

@: brilliant, attractive
A: horns 1
a: no special abilities


You were on level 3 of the Dungeon.
You visited 1 branch of the dungeon, and saw 3 of its levels.

You collected 159 gold pieces.

Inventory:

Armour
 a - a +0 robe (worn)
Wands
 i - a wand of paralysis (10)
Scrolls
 c - 3 scrolls of identify {unknown}
 d - a scroll of enchant armour {unknown}
 f - 3 scrolls of teleportation {unknown}
Potions
 b - a potion of lignification
 e - a potion of curing {unknown}
 h - a potion of brilliance


   Skills:
 + Level 2.0 Fighting
 - Level 1.7 Dodging
 + Level 1.0 Stealth
 + Level 3.0 Unarmed Combat
 + Level 2.3 Spellcasting
 * Level 2.3 Transmutations


You had 5 spell levels left.
You knew the following spells:

 Your Spells              Type           Power      Damage    Failure   Level
a - Beastly Appendage     Tmut           24%        N/A       9%          1

Your spell library contained the following spells:

 Spells                   Type           Power      Damage    Failure   Level
 Wereblood                Tmut           12%        N/A       14%         2
 Spider Form              Tmut/Pois      7%         N/A       41%         3
 Ice Form                 Ice/Tmut       7%         N/A       82%         4


Dungeon Overview and Level Annotations

Branches:
Dungeon (3/15)

Altars:
Ashenzari
Cheibriados


Innate Abilities, Weirdness & Mutations

You have a pair of small horns on your head.


Message History

You barely miss the goblin. Your kick misses the goblin.
You headbutt the goblin.
You kill the goblin!
The goblin shoots a sling bullet.
The sling bullet hits you. The goblin hits you with a +0 club.
The goblin unwields a +0 hunting sling.
The goblin wields a +0 dagger of protection.
The goblin barely misses you.
Items here: ))))) ††††.
You hit the goblin but do no damage. The goblin hits you with a +0 club.
The goblin hits you but does no damage.
You hit the goblin but do no damage. You claw the goblin.
Your headbutt misses the goblin.
The goblin is heavily wounded.
The goblin hits you with a +0 club.
* * * LOW HITPOINT WARNING * * *
The goblin misses you.
You hit the goblin but do no damage. You claw the goblin, but do no damage.
The goblin is heavily wounded.
The goblin hits you but does no damage. The goblin misses you.
You closely miss the goblin. You claw the goblin, but do no damage.
The goblin is heavily wounded.
Your talons disappear.
The goblin hits you with a +0 club.
* * * LOW HITPOINT WARNING * * *
The goblin barely misses you.
You barely miss the goblin.
The goblin is heavily wounded.
The goblin closely misses you.
You hit the goblin but do no damage.
The goblin is heavily wounded.
The goblin hits you with a +0 dagger of protection.
* * * LOW HITPOINT WARNING * * *
The goblin closely misses you.
It was a potion of brilliance.
You feel clever all of a sudden. The goblin hits you but does no damage.
The goblin misses you.
It was a potion of attraction.
You feel attractive to monsters.
The goblin hits you with a +0 dagger of protection.
You die...

#>#####..####.## ##.### #.#
#.####...##...# #...## #.#
.......>....####+####..# #.#
#.####.#.#.##g#...# ##.# #.#
#.# #..#...# '...+ #.# #.#
#.##.#.#...## ... ##.# #.#
#.###..#.#..####'####..# #.##
#.# ..#......#gg.#....## #...
#..
##....##..##@##.....#######..
#.#
##...##...#'#..##.#........#
#............###..#######..
#...###.#..### #.##########
.#.# #.....# #.##........
.##. #####.# #.##.######.
##.####.##.######.
#.................
#..####.##.#...<.#


You could see 2 goblins.

Vanquished Creatures
  An adder (D:3)
  4 ball pythons
  3 bats (D:2)
  4 endoplasms
  A giant cockroach (D:2)
  7 goblins
  6 hobgoblins
  4 kobolds
  3 quokkas (D:2)
  A frilled lizard (D:2)
  A rat (D:1)
35 creatures vanquished.

Notes
Turn   | Place    | Note
-------+----------+-------------------------------------------
     0 | D:1      | Hubjo the Demonspawn Transmuter began the quest for the
                  | Orb.
     0 | D:1      | Reached XP level 1. HP: 15/15 MP: 3/3
   824 | D:1      | Mutation became permanent: You have a pair of small horns
                  | on your head. [demonic ancestry]
   824 | D:1      | Gained mutation: You have a pair of horns on your head.
                  | [demonic ancestry]
   824 | D:1      | Reached XP level 2. HP: 21/21 MP: 3/5
   958 | D:2      | HP: 1/21 [constriction (1)]
  1565 | D:2      | Reached XP level 3. HP: 25/27 MP: 6/6
  1760 | D:3      | Found a broken altar of Ashenzari.
  1891 | D:3      | Found a snail-covered altar of Cheibriados.
  1985 | D:3      | Found a faded altar of an unknown god.
  2332 | D:3      | Reached skill level 1 in Stealth
  2333 | D:3      | Reached skill level 3 in Unarmed Combat
  2346 | D:3      | HP: 1/27 [goblin/+0 dagger of protection (3)]
  2348 | D:3      | Slain by a goblin

Illustrated notes

Levels and vault maps discovered:
D:1:      dpeg_arrival_arbitrary_b, layout_basic
D:2:      layout_rooms, minmay_misc_feat_room, chequers_serial_rivers_small_a
D:3:      cheibrodos_greedy_goblins, layout_loops_ring,
          ashenzari_conservatory_becter, nzn_wu_jian_contemplation,
          lemuel_crystal_altar, nicolae_elyvilon_temple_path,
          hellmonk_ecumenical_altar_leap_of_faith, roderic_roman_lattice

Skill      XL: |  1  2  3 |
---------------+----------+-----
Transmutations | 2 |  2.3
Fighting       | 2 |  2.0
Stealth        | 1 |  1.0
Unarmed Combat | 3 |  3.0
Dodging        | |  1.7
Spellcasting   | |  2.3

Action                   || total
-------------------------++-------
Melee: Unarmed           ||    85
       Headbutt          ||    12
       Kick              ||    24
       Punch             ||     2
 Cast: Beastly Appendage ||    19
  Use: Potion            ||     2
Armor: Robe              ||    13
Dodge: Dodged            ||    52

Table legend: (Time is in decaauts)
 A = Elapsed time spent in this place.
 B = Non-inter-level travel time spent in this place.
 C = Inter-level travel time spent in this place.
 D = Time resting spent in this place.
 E = Time spent auto-exploring this place.
 F = Levels seen in this place.
 G = Mean time per level.
                   A        B        C        D        E       F      G
               +--------+--------+--------+--------+--------+-----+--------+
         Total |   2342 |   2292 |     50 |      0 |   2029 |   3 |  780.7 |
       Dungeon |   2342 |   2292 |     50 |      0 |   2029 |   3 |  780.7 |
               +--------+--------+--------+--------+--------+-----+--------+

Top non-repeatable levels by time:
     D:1: 940 daAuts
     D:2: 809 daAuts
     D:3: 593 daAuts
